 Dungeon Crawl Stone Soup version 0.14.0-12-g87ee3b7 (webtiles) character file.

406178 HungrySpirit the Executioner (level 21, -15/325 HPs)
             Began as a Minotaur Gladiator on Apr 16, 2014.
             Was the Champion of Okawaru.
             Demolished by an ettin
             ... wielding a +0,+0 great mace
              (17 damage)
             ... on Level 5 of the Vaults on Apr 17, 2014.
             The game lasted 02:30:40 (57331 turns).

HungrySpirit the Executioner (Minotaur Gladiator)  Turns: 57331, Time: 02:30:40

HP -15/325       AC 34     Str 33      XL: 21   Next: 95%
MP  26/26        EV  8     Int  5      God: Okawaru [******]
Gold 5706        SH  0     Dex 17      Spells:  0 memorised, 20 levels left

rFire  + + +     SeeInvis +     l - +12,+9 executioner's axe of Radicalism {vamp, rN+}
rCold  + . .     Clarity  .     o - -3 crystal plate armour of Benevolence {rF++}
rNeg   + . .     Conserve .     (no shield)
rPois  +         rCorr    .     g - +1 hat {MR+}
rElec  .         rRot     .     H - +1 cloak {rPois}
SustAb . .       Spirit   .     m - +1 pair of gloves of Cocytus {Dex+2 Acc+3}
rMut   .         Warding  .     B - +0 pair of boots {run}
Gourm  +         Rnd*Tele +     D - amulet of Pruicune {Gourm Dex+2 Int+2}
MR     ++...                    E - ring of protection from cold
                                R - ring of see invisible

@: berserking, very quick, very resistant to hostile enchantments, extremely
unstealthy
A: retaliatory headbutt, horns 2, dopey 1, fire resistance 1, teleportitis 1
a: Heroism, Finesse, Renounce Religion
}: 3/15 runes: decaying, silver, gossamer


You were on level 5 of the Vaults.
You worshipped Okawaru.
Okawaru was exalted by your worship.
You were not hungry.

You visited 9 branches of the dungeon, and saw 45 of its levels.
You visited the Abyss 1 time.
You also visited: Volcano.

You collected 6141 gold pieces.
You spent 435 gold pieces at shops.

Inventory:

Hand weapons
 l - the +12,+9 executioner's axe of Radicalism (weapon) {vamp, rN+}
   (Okawaru gifted it to you on level 1 of the Depths)

   It inflicts no extra harm, but heals its wielder somewhat when it strikes a
   living foe.
   It protects you from negative energy.
 s - a +2,+1 scimitar of flaming
Missiles
 d - 4 throwing nets (quivered)
Armour
 g - a +1 hat of magic resistance (worn)
 m - the +1 pair of gloves of Cocytus (worn) {Dex+2 Acc+3}
   (You found it on level 15 of the Dungeon)

   It affects your dexterity (+2).
   It affects your accuracy with ranged weapons and melee attacks (+3).
 o - the -3 crystal plate armour of Benevolence (worn) {rF++}
   (Okawaru gifted it to you on level 1 of the Spider Nest)

   It greatly protects you from fire.
 B - a +0 pair of boots of running (worn)
 H - a +1 cloak of poison resistance (worn)
Magical devices
 r - a wand of fire (8)
 t - a wand of digging (11)
 u - a wand of teleportation (5)
 X - a wand of digging (16)
Comestibles
 f - 22 bread rations
 K - a royal jelly
 P - 4 meat rations
 V - an apple
Scrolls
 h - 6 scrolls of remove curse
 n - a scroll of noise
 p - 2 scrolls of fear
 x - 3 scrolls of magic mapping
 y - a scroll of brand weapon
 A - 2 scrolls of blinking
 C - 11 scrolls of identify
 F - a scroll of summoning
 G - 4 scrolls of teleportation
 I - a scroll of enchant weapon I
 M - a scroll of enchant armour
 S - a scroll of enchant weapon II
 W - a scroll of recharging
Jewellery
 i - an uncursed ring of regeneration
 D - the amulet of Pruicune (around neck) {Gourm Dex+2 Int+2}
   (You found it on level 1 of the Lair of Beasts)

   [amulet of the gourmand]

   It affects your intelligence (+2).
   It affects your dexterity (+2).
 E - a ring of protection from cold (right hand)
 L - an uncursed ring of sustain abilities
 N - an uncursed ring of teleport control
 R - a ring of see invisible (left hand)
 U - the amulet of Frerph {Ward Contam rC++, unknown}
   (You took it off a yaktaur captain on level 5 of the Vaults)

   [amulet of warding]

   It greatly protects you from cold.
   It causes magical contamination when unequipped.
 Y - an uncursed ring of protection from fire
Potions
 c - a potion of berserk rage
 e - a potion of flight
 j - 4 potions of curing
 k - 4 potions of might
 q - 4 potions of resistance
 v - a potion of mutation
 w - 3 potions of magic
 z - 2 potions of heal wounds
 J - 3 potions of restore abilities
 O - 5 potions of agility
 T - 2 potions of invisibility
Miscellaneous
 a - a stone of tremors
 b - a stone of tremors


   Skills:
 + Level 25.0 Fighting
 - Level 26.4 Axes
 - Level 2.0 Throwing
 + Level 22.6 Armour
 - Level 3.2 Dodging
 - Level 7.5 Invocations


You had 20 spell levels left.
You didn't know any spells.

Dungeon Overview and Level Annotations

Branches:
Dungeon (15/15)            Temple (1/1) D:4             Orc (4/4) D:11
    Elf (0/3) Orc:3          Lair (8/8) D:10          Swamp (5/5) Lair:6
 Spider (5/5) Lair:6        Slime (0/6) Lair:8       Vaults (5/5) D:13
  Blade (1/1) Vaults:4      Crypt (0/5) Vaults:3     Depths (1/5) D:15

Altars:
Cheibriados
Dithmenos
Fedhas
Kikubaaqudgha
Makhleb
Nemelex Xobeh
Okawaru
Trog
Vehumet
Xom
Yredelemnul
Zin
The Shining One

Shops:
Orc:4 *!%%!   Vaults:4 [

Portals:
Hell: Depths:1


Innate Abilities, Weirdness & Mutations

You reflexively headbutt those who attack you in melee.
You have a pair of horns on your head.
You are dopey. (Int -2)
Your flesh is heat resistant.
Space occasionally distorts in your vicinity.


Message History

* * * LOW HITPOINT WARNING * * *
The stone giant closely misses you.
The deep elf fighter unwields an uncursed morningstar.
The deep elf fighter drops an uncursed morningstar.
The deep elf fighter picks up a morningstar.
The deep elf fighter wields a morningstar.
Unknown command.
Unknown command.
Unknown command.
Unknown command.
Drink which item? (? for menu, Esc to quit)
A red film seems to cover your vision as you go berserk!
You feel yourself moving faster!
You feel mighty! The ettin hits you with a dire flail!
* * * LOW HITPOINT WARNING * * *
The ettin closely misses you. The stone giant hits you!
* * * LOW HITPOINT WARNING * * *
The deep elf fighter barely misses you. The ettin hits you but does no damage.
The ettin hits you with a dire flail!
You die...

#..#..##.... .!.##.).
#..#......##........#
#..#.##...(....##....
#......(.(...........
#...)################
#...)((..............
#...)................
#...C..(.............
#..C@e..(............
#..%C################
#.......##...#.......
#..#....##..##.......
#..#).......##..##...
#..#.....)..#...#####
#..##..##..%#...[.[.#
#. #...##..##.......#
#....(..######)..#


You could see a stone giant, 2 ettins and a deep elf fighter.

Vanquished Creatures
  3 tentacled starspawn (Abyss:1)
  Mara (Vaults:2)
  A bone dragon (Vaults:5)
  Nikola (Vaults:3)
  Arachne (Spider:2)
  The ghost of Vidiiot the Bludgeoner, a mighty GrHu of Trog (Vaults:4)
  3 tentacled monstrosities
  2 liches
  A titan (Vaults:5)
  2 sphinxes
  An Executioner (Abyss:1)
  3 storm dragons (Vaults:5)
  4 thorn hunters
  5 shadow dragons (Vaults:5)
  2 tengu reavers
  A deep elf sorcerer (Vaults:5)
  4 fire giants
  Donald (Vaults:1)
  3 ghost moths (Spider:5)
  13 vault wardens
  Aizul (Spider:5)
  5 emperor scorpions
  7 frost giants
  An iron dragon (Vaults:5)
  Gastronok (Lair:1)
  9 stone giants
  3 deep elf demonologists
  5 war gargoyles (Vaults:5)
  A deep elf annihilator (Vaults:5)
  7 ettins
  Snorg (Spider:1)
  A blizzard demon (Abyss:1)
  18 ironheart preservers
  A crystal guardian (Vaults:3)
  3 deep elf high priests (Vaults:5)
  40 vault guards
  3 fire dragons
  15 yaktaur captains
  Fannar (Lair:1)
  A fire dragon (shapeshifter) (Vaults:5)
  An ice dragon (Depths:1)
  2 rakshasas (Abyss:1)
  3 great orbs of eyes
  3 shambling mangroves
  3 deep troll shamans
  4 alligators
  A tengu warrior (D:15)
  17 ogre magi
  23 dancing weapons
  15 death yaks
  3 deep troll earth magi
  A thrashing horror (Abyss:1)
  Urug (D:12)
  20 hydras
  15 spriggans
  6 centaur warriors
  A hell hog (Abyss:1)
  An orc high priest (Orc:2)
  Nergalle (Lair:1)
  2 catoblepae
  2 deep elf knights
  A soul eater (Vaults:4)
  4 hell knights (Depths:1)
  A fire crab (Vaults:4)
  3 wizards
  2 iron trolls
  12 orb spiders
  3 unseen horrors
  4 large abominations (Abyss:1)
  Erolcha (D:12)
  7 swamp dragons
  A giant orange brain (Vaults:2)
  3 flayed ghosts
  2 spriggan druids (Swamp:5)
  18 deep trolls
  17 ironbrand convokers
  2 shadow wraiths
  7 hill giants
  20 orc knights
  4 necromancers
  A salamander (shapeshifter) (Vaults:1)
  A hellion (Vaults:5)
  A mana viper (shapeshifter) (Vaults:1)
  2 deep elf conjurers
  14 slime creatures
  32 wolf spiders
  A harpy (Vaults:5)
  A red wasp (shapeshifter) (D:14)
  12 red wasps
  3 manticores
  4 griffons
  6 orc sorcerers
  14 elephants
  5 sixfirhies
  6 black mambas
  2 moths of wrath
  A mermaid (shapeshifter) (Vaults:5)
  6 cyclopes
  4 phantasmal warriors (Vaults:5)
  17 vault sentinels
  A spiny frog (shapeshifter) (Vaults:4)
  An item mimic (Swamp:2)
  A queen ant (Lair:2)
  Psyche (Orc:1)
  21 spiny frogs
  33 yaktaurs
  2 fire drakes (Lair:8)
  A naga mage (D:15)
  A fire drake (shapeshifter) (Vaults:2)
  3 hellwings
  5 deep elf priests
  A black mamba (shapeshifter) (Vaults:4)
  An efreet (D:15)
  A wandering mushroom (Lair:6)
  4 freezing wraiths
  2 hydra zombies
  A polar bear (Lair:5)
  15 giant fireflies
  A troll (shapeshifter) (Vaults:1)
  18 trolls
  13 demonic crawlers
  2 ancient zymes (Abyss:1)
  3 boggarts (Depths:1)
  A blue devil (Vaults:5)
  5 komodo dragons
  A hydra skeleton (D:14)
  4 boulder beetles
  26 two-headed ogres
  Prince Ribbit (D:7)
  11 giant leeches
  2 tengu conjurers (D:15)
  28 jumping spiders
  8 bog bodies
  14 ravens
  A raven (shapeshifter) (Vaults:3)
  A trapdoor spider zombie (D:9)
  A basilisk (D:15)
  21 tarantellas
  16 blink frogs
  A vampire (Depths:1)
  36 redbacks
  A griffon zombie (D:14)
  A grizzly bear (Lair:8)
  63 yaks
  A fire dragon skeleton (D:15)
  15 starcursed masses (Abyss:1)
  A ynoxinul (Vaults:5)
  29 trapdoor spiders
  5 shadows
  5 thorn lotuses
  A hill giant zombie (D:15)
  4 wraiths
  A deep elf mage (Vaults:1)
  3 sharks
  Eustachio (D:6)
  A steam dragon (D:14)
  A hippogriff (shapeshifter) (Depths:1)
  A hill giant skeleton (D:15)
  38 ugly things
  3 deep elf fighters
  28 vampire mosquitoes
  5 hippogriffs
  A neqoxec (Abyss:1)
  A human zombie (D:15)
  3 wargs
  Edmund (D:6)
  2 necrophages (D:11)
  27 swamp worms
  An ogre zombie (D:11)
  16 water moccasins
  36 wolves
  5 ice beasts
  57 spiders
  A mottled dragon (D:14)
  3 sky beasts
  2 small abominations (Abyss:1)
  2 black bears
  4 giant goldfish
  14 swamp drakes
  19 centaurs
  36 orc warriors
  20 soldier ants (Lair:2)
  3 phantoms
  5 yellow wasps
  16 porcupines
  79 ogres
  16 crocodiles
  12 giant slugs
  A boring beetle (Lair:4)
  Sigmund (D:7)
  A brain worm (D:9)
  An elf simulacrum (D:15)
  A gnoll sergeant (D:9)
  Blork the orc (D:7)
  A big kobold (D:14)
  19 giant frogs
  A cyclops skeleton (D:9)
  A yak zombie (D:8)
  A boulder beetle zombie (D:15)
  13 scorpions
  A naga zombie (D:15)
  A human simulacrum (Vaults:2)
  6 killer bees
  4 electric eels (D:10)
  6 goliath beetles
  8 big fish
  14 crimson imps
  A centaur skeleton (D:5)
  A centaur zombie (D:9)
  36 orc wizards
  4 quasits
  32 orc priests
  A giant frog skeleton (D:4)
  6 jellies
  15 hounds
  An iron imp (Abyss:1)
  6 iguanas
  31 worker ants
  5 sheep (Lair:1)
  A killer bee zombie (D:5)
  Ijyb (D:3)
  2 ogre skeletons
  2 mummies
  A hound skeleton (D:11)
  9 gnolls
  2 worker ant zombies
  18 adders
  45 green rats
  A white imp (Abyss:1)
  3 giant mites
  2 shadow imps
  5 ufetubi
  7 worms
  An iguana skeleton (D:5)
  An iguana zombie (D:7)
  3 giant eyeballs
  11 giant geckos
  6 oozes
  198 orcs
  4 ball pythons
  6 giant cockroaches
  18 goblins
  9 hobgoblins
  39 jackals
  20 quokkas
  21 bats
  A giant gecko zombie (D:7)
  5 giant newts
  A giant spore (D:15)
  21 kobolds
  2 orc zombies
  20 rats
  2 rat skeletons
  A rat zombie (D:6)
  8 ballistomycetes (D:15)
  4 briar patches (Swamp:4)
  A crawling corpse (Vaults:5)
  6 fungi
  12 plants
  6 starspawn tentacles (Abyss:1)
  A starspawn tentacle segment (Abyss:1)
2195 creatures vanquished.

Vanquished Creatures (others)
  A tengu reaver (Vaults:5)
  An orb spider (Spider:5)
  A raven (D:15)
  A redback (Spider:5)
  3 ugly things (Vaults:3)
  A lost soul (Vaults:5)
  An orc priest (Vaults:1)
  A sheep (Lair:1)
  An orc (D:10)
  A giant spore (D:11)
  A lurking horror (Abyss:1)
  A briar patch (Swamp:4)
  A plant (Lair:4)
  6 starspawn tentacles (Abyss:1)
  41 starspawn tentacle segments (Abyss:1)
62 creatures vanquished.

Grand Total: 2257 creatures vanquished

Notes
Turn   | Place    | Note
--------------------------------------------------------------
     0 | D:1      | HungrySpirit, the Minotaur Gladiator, began the quest for the Orb.
     0 | D:1      | Reached XP level 1. HP: 18/18 MP: 1/1
   171 | D:1      | Reached skill level 4 in Axes
   178 | D:1      | Reached XP level 2. HP: 25/25 MP: 1/1
   272 | D:1      | Reached skill level 1 in Armour
   834 | D:2      | Reached XP level 3. HP: 28/30 MP: 2/2
  1388 | D:3      | Reached skill level 5 in Axes
  1388 | D:3      | Reached XP level 4. HP: 23/37 MP: 2/2
  1534 | D:3      | Noticed Ijyb
  1665 | D:3      | Killed Ijyb
  1665 | D:3      | Reached skill level 6 in Axes
  1701 | D:3      | Reached XP level 5. HP: 20/42 MP: 2/2
  2376 | D:4      | Reached skill level 7 in Axes
  2376 | D:4      | Reached XP level 6. HP: 33/50 MP: 3/3
  2624 | D:4      | Found a staircase to the Ecumenical Temple.
  2654 | Temple   | Entered the Ecumenical Temple
  2663 | Temple   | Became a worshipper of Warmaster Okawaru
  3023 | D:5      | Entered Level 5 of the Dungeon
  3024 | D:5      | Found a radiant altar of Vehumet.
  3031 | D:5      | Reached skill level 8 in Axes
  3031 | D:5      | Reached XP level 7. HP: 15/56 MP: 3/3
  3305 | D:5      | Reached skill level 5 in Armour
  3315 | D:5      | Got an ancient mace
  3316 | D:5      | Identified the +8,+4 mace "Leviticus" {crush, MR+ Dex+4} (You found it on level 5 of the Dungeon)
  3548 | D:5      | Reached skill level 9 in Axes
  3562 | D:5      | Acquired Okawaru's first power
  3689 | D:5      | Paralysed by an orc for 4 turns
  3932 | D:5      | Reached XP level 8. HP: 59/63 MP: 3/3
  4025 | D:6      | Found a bloodstained altar of Trog.
  4025 | D:6      | Noticed Edmund
  4027 | D:6      | You fall through a shaft for 3 floors!
  4031 | D:9      | Reached skill level 10 in Axes
  4446 | D:7      | Reached skill level 11 in Axes
  4459 | D:7      | Reached skill level 5 in Fighting
  4535 | D:7      | Noticed Sigmund
  4541 | D:7      | Killed Sigmund
  4956 | D:7      | Noticed Prince Ribbit
  4972 | D:7      | Killed Prince Ribbit
  4972 | D:7      | Reached skill level 12 in Axes
  4972 | D:7      | Reached XP level 9. HP: 54/75 MP: 2/4
  5393 | D:6      | Found a glowing golden altar of the Shining One.
  5398 | D:6      | Found a bloodstained altar of Trog.
  5496 | D:6      | Noticed Eustachio
  5508 | D:6      | Killed Eustachio
  5567 | D:6      | Killed Edmund
  6155 | D:7      | Noticed Blork the orc
  6163 | D:7      | Killed Blork the orc
  6163 | D:7      | Reached skill level 13 in Axes
  6539 | D:8      | Noticed a two-headed ogre
  6543 | D:8      | Killed a two-headed ogre
  7059 | D:8      | Reached skill level 14 in Axes
  7059 | D:8      | Reached XP level 10. HP: 37/90 MP: 2/4
  7727 | D:9      | Found a basalt altar of Yredelemnul.
  8947 | D:10     | Entered Level 10 of the Dungeon
  8986 | D:10     | Noticed a hill giant
  8993 | D:10     | Killed a hill giant
  8995 | D:10     | Reached skill level 15 in Axes
  9043 | D:10     | Paralysed by a giant eyeball for 3 turns
 10027 | D:10     | Found an iron altar of Okawaru.
 10035 | D:10     | Noticed a hill giant
 10045 | D:10     | Killed a hill giant
 10045 | D:10     | Reached skill level 10 in Fighting
 10047 | D:10     | Acquired Okawaru's second power
 10071 | D:10     | Found a staircase to the Lair.
 10673 | D:10     | Noticed a manticore
 10692 | D:10     | Killed a manticore
 10872 | D:10     | Reached XP level 11. HP: 80/101 MP: 4/4
 10994 | D:11     | Reached skill level 16 in Axes
 11096 | D:11     | Found a staircase to the Orcish Mines.
 11661 | Orc:1    | Entered Level 1 of the Orcish Mines
 12428 | Orc:1    | Noticed Psyche
 12442 | Orc:1    | Killed Psyche
 12448 | Orc:1    | Found an ancient bone altar of Kikubaaqudgha.
 12693 | Orc:1    | You fall through a shaft!
 12920 | Orc:2    | Received a gift from Okawaru
 12934 | Orc:2    | Got a crystal battleaxe {god gift}
 12935 | Orc:2    | Identified the +1,+1 battleaxe "Orb Guardian's Regret" {chop, +Inv MR+} (Okawaru gifted it to you on level 2 of the Orcish Mines)
 13209 | Orc:3    | Reached skill level 1 in Invocations
 13472 | Orc:3    | Reached skill level 17 in Axes
 13647 | Orc:3    | Found a staircase to the Elven Halls.
 13647 | Orc:3    | Noticed an orc high priest
 13777 | Orc:2    | Killed an orc high priest
 14101 | Orc:4    | Entered Level 4 of the Orcish Mines
 14308 | Orc:4    | Noticed an ogre mage
 14357 | Orc:4    | Identified a scroll of acquirement
 14360 | Orc:4    | Got a pair of fine boots
 14363 | Orc:4    | Identified the +2 pair of boots "Istaajux" {Str+4 Dex+3} (You acquired it on level 4 of the Orcish Mines)
 14792 | Orc:4    | Killed an ogre mage
 14792 | Orc:4    | Received a gift from Okawaru
 14794 | Orc:4    | Reached XP level 12. HP: 103/112 MP: 10/13
 14836 | Orc:4    | Found Pnioja's Distillery.
 14879 | Orc:4    | Found a shimmering altar of Xom.
 14909 | Orc:4    | Noticed a deep troll
 14913 | Orc:4    | Noticed a hill giant
 14932 | Orc:4    | Noticed an ogre mage
 14936 | Orc:4    | Noticed a hill giant
 14936 | Orc:4    | Noticed a deep troll
 14936 | Orc:4    | Reached skill level 18 in Axes
 14942 | Orc:4    | Killed a deep troll
 14956 | Orc:4    | Killed an ogre mage
 14958 | Orc:4    | Killed a hill giant
 15243 | Orc:4    | Killed a hill giant
 15243 | Orc:4    | Reached skill level 5 in Invocations
 15322 | Orc:4    | Noticed an ogre mage
 15340 | Orc:4    | Killed an ogre mage
 15340 | Orc:4    | Received a gift from Okawaru
 15352 | Orc:4    | Killed a deep troll
 15514 | Orc:4    | Found Icol's Food Shop.
 15774 | Orc:4    | Found Doesk's Food Shoppe.
 15777 | Orc:4    | Found Ahivampu's Distillery.
 15781 | Orc:4    | Found Iramaac's Assorted Antiques.
 15806 | Orc:4    | Bought a potion of flight for 36 gold pieces
 15823 | Orc:4    | Bought a scroll labeled ATAPSI BLIDU for 26 gold pieces
 15823 | Orc:4    | Bought an emulsified green potion for 23 gold pieces
 15875 | Orc:4    | Bought a potion of beneficial mutation for 350 gold pieces
 15876 | Orc:4    | Gained mutation: You are partially covered in thin metallic scales (AC +2). [potion of beneficial mutation]
 15972 | Lair:1   | Entered Level 1 of the Lair of Beasts
 15972 | Lair:1   | Noticed Nergalle
 15979 | Lair:1   | Killed Nergalle
 15979 | Lair:1   | Reached skill level 19 in Axes
 15993 | Lair:1   | Got a shimmering crystal amulet
 16283 | Lair:1   | Noticed Fannar
 16300 | Lair:1   | Killed Fannar
 16300 | Lair:1   | Reached XP level 13. HP: 46/122 MP: 17/18
 16599 | Lair:1   | Noticed Gastronok
 16610 | Lair:1   | Killed Gastronok
 16808 | Lair:1   | Received a gift from Okawaru
 17068 | Lair:2   | Identified the amulet of Pruicune {Gourm Dex+2 Int+2} (You found it on level 1 of the Lair of Beasts)
 18153 | Lair:3   | Reached skill level 20 in Axes
 19000 | Lair:4   | Received a gift from Okawaru
 19011 | Lair:4   | Identified a +1 pair of boots of running (Okawaru gifted it to you on level 4 of the Lair of Beasts)
 19639 | Lair:4   | Reached XP level 14. HP: 73/133 MP: 21/21
 20581 | Lair:5   | Found a dark tunnel.
 20587 | Volcano  | Entered a volcano
 20614 | Volcano  | Received a gift from Okawaru
 20979 | Lair:6   | Found a hole to the Spider Nest.
 21011 | Lair:6   | Found a staircase to the Swamp.
 21168 | Lair:6   | Reached skill level 21 in Axes
 22049 | Lair:7   | Reached skill level 15 in Fighting
 22273 | Lair:7   | Received a gift from Okawaru
 22914 | Lair:8   | Entered Level 8 of the Lair of Beasts
 23133 | Lair:8   | Found a staircase to the Slime Pits.
 23613 | Lair:8   | Received a gift from Okawaru
 23687 | Lair:8   | Reached skill level 22 in Axes
 23714 | Lair:8   | Reached XP level 15. HP: 94/143 MP: 22/22
 23723 | Lair:8   | Identified Roxanne's Reference Book on Unstable Stones
 23802 | Lair:8   | Reached skill level 10 in Armour
 24711 | D:12     | Noticed Urug
 24720 | D:12     | Killed Urug
 24829 | D:12     | Noticed Erolcha
 24839 | D:12     | Killed Erolcha
 25169 | D:13     | Found a gate to the Vaults.
 26917 | D:14     | Paralysed by a giant eyeball for 4 turns
 26924 | D:14     | Paralysed by a giant eyeball for 2 turns
 27100 | D:14     | Received a gift from Okawaru
 27154 | D:15     | Entered Level 15 of the Dungeon
 27336 | D:15     | Got a pair of faintly glowing gloves
 27340 | D:15     | Identified the +1 pair of gloves of Cocytus {Dex+2 Acc+3} (You found it on level 15 of the Dungeon)
 27373 | D:15     | Found a staircase to the Depths.
 27489 | D:15     | Reached skill level 23 in Axes
 27565 | D:15     | Found a blossoming altar of Fedhas.
 29101 | Swamp:1  | Entered Level 1 of the Swamp
 29740 | Swamp:2  | Received a gift from Okawaru
 29743 | Swamp:2  | Reached XP level 16. HP: 117/154 MP: 22/22
 31983 | Swamp:3  | Received a gift from Okawaru
 33344 | Swamp:4  | Reached skill level 24 in Axes
 34904 | Swamp:5  | Entered Level 5 of the Swamp
 35628 | Swamp:5  | Got a pair of distressingly furry boots
 35629 | Swamp:5  | Identified the +0 pair of boots of Free Will {Dex-4 Int+5 Acc+5} (You found it on level 5 of the Swamp)
 35870 | Swamp:5  | Received a gift from Okawaru
 36606 | Swamp:4  | Noticed a tentacled monstrosity
 36617 | Swamp:4  | Killed a tentacled monstrosity
 37303 | Swamp:5  | Reached XP level 17. HP: 95/163 MP: 16/23
 37746 | Swamp:5  | Got a decaying rune of Zot
 38085 | Spider:1 | Entered Level 1 of the Spider Nest
 38099 | Spider:1 | Noticed Snorg
 38113 | Spider:1 | Killed Snorg
 38861 | Spider:1 | Gained mutation: You are agile. (Dex +2) [potion of mutation]
 38861 | Spider:1 | Gained mutation: Armour fits poorly on your strangely shaped body. [potion of mutation]
 38861 | Spider:1 | Gained mutation: You possess an exceptional clarity of mind. [potion of mutation]
 38862 | Spider:1 | Gained mutation: Your muscles are strong. (Str +2) [potion of mutation]
 38862 | Spider:1 | Gained mutation: You are very agile. (Dex +4) [potion of mutation]
 38863 | Spider:1 | Gained mutation: You occasionally shout uncontrollably. [potion of mutation]
 38863 | Spider:1 | Gained mutation: Your flesh is heat resistant. [potion of mutation]
 38864 | Spider:1 | Lost mutation: Armour fits poorly on your strangely shaped body. [potion of cure mutation]
 38864 | Spider:1 | Lost mutation: You possess an exceptional clarity of mind. [potion of cure mutation]
 38864 | Spider:1 | Lost mutation: You are very agile. (Dex +4) [potion of cure mutation]
 38864 | Spider:1 | Lost mutation: You occasionally shout uncontrollably. [potion of cure mutation]
 38864 | Spider:1 | Lost mutation: You are agile. (Dex +2) [potion of cure mutation]
 38864 | Spider:1 | Lost mutation: Your muscles are strong. (Str +2) [potion of cure mutation]
 38864 | Spider:1 | Lost mutation: You are partially covered in thin metallic scales (AC +2). [potion of cure mutation]
 38921 | Spider:1 | Received a gift from Okawaru
 38925 | Spider:1 | Got a faintly humming crystal plate armour {god gift}
 38951 | Spider:1 | Identified the -3 crystal plate armour of Benevolence {rF++} (Okawaru gifted it to you on level 1 of the Spider Nest)
 39198 | Spider:1 | Reached skill level 25 in Axes
 39432 | Spider:2 | Paralysed by a red wasp for 2 turns
 39984 | Spider:2 | Noticed Arachne
 40006 | Spider:2 | Killed Arachne
 40472 | Spider:3 | Paralysed by a red wasp for 1 turns
 42771 | Spider:5 | Entered Level 5 of the Spider Nest
 43938 | Spider:5 | Noticed Aizul
 43955 | Spider:5 | Killed Aizul
 44630 | Spider:5 | Reached XP level 18. HP: 167/176 MP: 14/24
 44672 | Spider:5 | HP: 8/176 [poisoned by a ghost moth]
 44678 | Spider:5 | HP: 7/176 [poisoned by a ghost moth]
 44683 | Spider:5 | HP: 6/176 [poisoned by a ghost moth]
 44689 | Spider:5 | HP: 6/176 [poisoned by a ghost moth]
 44697 | Spider:5 | HP: 7/176 [poisoned by a ghost moth]
 45136 | Spider:5 | Received a gift from Okawaru
 45139 | Spider:5 | Got a distressingly furry chain mail {god gift}
 45163 | Spider:5 | Identified the +4 chain mail "Dejo" {rN+ Dam+4} (Okawaru gifted it to you on level 5 of the Spider Nest)
 45280 | Spider:5 | Reached skill level 15 in Armour
 45297 | Spider:5 | Reached skill level 26 in Axes
 45306 | Spider:5 | Paralysed by a red wasp for 3 turns
 45644 | Spider:5 | Got a gossamer rune of Zot
 46066 | Depths:1 | Entered Level 1 of the Depths
 46594 | Depths:1 | Noticed a lich
 46676 | Depths:1 | Killed a lich
 47015 | Depths:1 | Found a gateway to Hell.
 47939 | Depths:1 | Received a gift from Okawaru
 47942 | Depths:1 | Got a slimy executioner's axe {god gift}
 47943 | Depths:1 | Identified the +12,+9 executioner's axe of Radicalism {vamp, rN+} (Okawaru gifted it to you on level 1 of the Depths)
 48366 | Vaults:1 | Entered Level 1 of the Vaults
 48421 | Vaults:1 | Found a glowing golden altar of the Shining One.
 48602 | Vaults:1 | Received a gift from Okawaru
 48734 | Vaults:1 | Reached XP level 19. HP: 187/187 MP: 24/24
 49246 | Vaults:1 | Noticed Donald
 49252 | Vaults:1 | Killed Donald
 49482 | Vaults:1 | Gained mutation: Space occasionally distorts in your vicinity. [a cacodemon]
 49487 | Vaults:1 | Cast into the Abyss (deep elf demonologist)
 49492 | Abyss:1  | Found a corrupted altar of Lugonu.
 49890 | Abyss:1  | Paralysed by accursed screaming for 2 turns
 49900 | Abyss:1  | Paralysed by accursed screaming for 1 turns
 49940 | Abyss:1  | Gained mutation: You are dopey. (Int -2) [a neqoxec]
 49948 | Vaults:1 | Escaped the Abyss
 50459 | Vaults:2 | Received a gift from Okawaru
 50766 | Vaults:2 | Noticed Mara
 50799 | Vaults:2 | Noticed HungrySpirit's illusion
 50808 | Vaults:2 | Killed Mara
 51686 | Vaults:3 | Noticed Nikola
 51700 | Vaults:3 | Killed Nikola
 51961 | Vaults:3 | Received a gift from Okawaru
 52139 | Vaults:3 | Reached XP level 20. HP: 200/200 MP: 25/25
 52351 | Vaults:3 | Found a staircase to the Crypt.
 53296 | Vaults:4 | Noticed Vidiiot's ghost (mighty GrHu)
 53315 | Vaults:4 | Killed Vidiiot's ghost
 53413 | Vaults:4 | Received a gift from Okawaru
 53417 | Vaults:4 | Got a jewelled battleaxe {god gift}
 53549 | Vaults:4 | Found a staircase to the Hall of Blades.
 53584 | Blade    | Entered the Hall of Blades
 53659 | Blade    | HP: 10/203 [broad axe of distortion (15)]
 55042 | Vaults:4 | Found Ilu Mano's Antique Armour Boutique.
 55264 | Vaults:5 | Entered Level 5 of the Vaults
 55329 | Vaults:4 | Reached XP level 21. HP: 212/212 MP: 26/26
 55572 | Vaults:5 | Received a gift from Okawaru
 55592 | Vaults:5 | Got a warped cloak {god gift}
 55606 | Vaults:5 | Identified the -5 cloak "Voysou" {Stlth- Curse} (Okawaru gifted it to you on level 5 of the Vaults)
 55671 | Vaults:5 | Got a twitching bone ring
 55672 | Vaults:5 | Identified the ring of Desertification {Fire rPois Stlth--} (You found it on level 5 of the Vaults)
 56747 | Vaults:5 | Got a silver rune of Zot
 57043 | Vaults:5 | Got a twitching emerald amulet
 57059 | Vaults:5 | Identified the Catalogue of Snow
 57079 | Vaults:5 | Identified Iskenderun's Volume of Combat Magic
 57244 | Vaults:5 | Lost intelligence.
 57326 | Vaults:5 | Received a gift from Okawaru
 57331 | Vaults:5 | HP: 12/325 [ettin/dire flail (32)]
 57331 | Vaults:5 | HP: 2/325 [stone giant (10)]
 57331 | Vaults:5 | Demolished by an ettin

Action                   |  1- 3 |  4- 6 |  7- 9 | 10-12 | 13-15 | 16-18 | 19-21 || total
-------------------------+-------+-------+-------+-------+-------+-------+-------++-------
Melee: War axe           |    79 |   167 |     4 |   285 |       |       |       ||   535
       Mace              |       |       |   343 |   155 |       |       |       ||   498
       Battleaxe         |       |       |       |   345 |  1197 |  1301 |       ||  2843
       Long sword        |       |       |       |       |    45 |       |       ||    45
       Scimitar          |       |       |       |       |    38 |    67 |       ||   105
       Executioner's axe |       |       |       |       |       |   143 |  1234 ||  1377
Invok: Heroism           |       |       |     8 |    17 |     7 |    21 |     6 ||    59
       Finesse           |       |       |       |       |       |     5 |     2 ||     7
Evoke: Wand              |       |     1 |     6 |     2 |    20 |     5 |     1 ||    35
       Stone of tremors  |       |       |       |       |     1 |       |       ||     1
  Use: Potion            |       |     1 |     1 |     6 |     1 |    14 |     6 ||    29
       Scroll            |       |       |    14 |     8 |    16 |    10 |     4 ||    52
 Stab: Distracted        |       |       |       |     1 |       |     1 |       ||     2
       Petrifying        |       |       |       |       |     1 |       |       ||     1
       Held in net/web   |       |       |       |       |       |     3 |       ||     3
